 Dungeon Crawl Stone Soup version 0.14-a0-2604-g6f603d6 (webtiles) character file.

62154 Jenx the Bludgeoner (level 14, -9/94 HPs)
             Began as a Gargoyle Berserker on Feb 12, 2014.
             Was the Champion of Trog.
             Killed by divine providence
             ... invoked by a smoke demon
             ... summoned by an orc high priest
              (12 damage)
             ... on Level 4 of the Orcish Mines on Feb 13, 2014.
             The game lasted 01:19:38 (20085 turns).

Jenx the Bludgeoner (Gargoyle Berserker)           Turns: 20085, Time: 01:19:38

HP  -9/94        AC 32     Str 21      XL: 14   Next: 95%
MP  25/25        EV  6     Int 13      God: Trog [******]
Gold 2715        SH  0     Dex 19      Spells:  0 memorised, 13 levels left

rFire  . . .     SeeInvis +     a - +1,+0 dire flail "Bickephu" {vamp, MR++ Dex+2}
rCold  . . .     Clarity  .     O - +0 plate armour of Uzapriz {Dex+4 Int-3}
rNeg   + . .     Conserve .     (no shield)
rPois  +         rCorr    +     R - +1 orc helmet {Int+3}
rElec  +         rRot     +     s - +1 cloak
SustAb . .       Spirit   .     T - +0 pair of gloves of Mezcal {Int+4 Dam+5}
rMut   .         Warding  .     u - +0 pair of boots
Saprov . . .     Stasis   .     S - amulet of resist corrosion
MR     +++++                    Q - ring of protection from magic
                                M - ring "Zegganadu" {rPois SInv}

@: regenerating, flying, almost entirely resistant to hostile enchantments,
extremely unstealthy
A: large and strong wings, life protection 1, electricity resistance,
unbreathing, petrification resistance, AC +9
a: Stop Flying, Burn Spellbooks, Berserk, Trog's Hand, Brothers in Arms,
Renounce Religion


You were on level 4 of the Orcish Mines.
You worshipped Trog.
Trog was exalted by your worship.
You were not hungry.

You visited 3 branches of the dungeon, and saw 23 of its levels.
You also visited: Labyrinth and Sewer.

You collected 2715 gold pieces.

Inventory:

Hand weapons
 a - the +1,+0 dire flail "Bickephu" (weapon) {vamp, MR++ Dex+2}
   (Trog gifted it to you on level 7 of the Lair of Beasts)

   It inflicts no extra harm, but heals its wielder somewhat when it strikes a
   living foe.
   It affects your dexterity (+2).
   It affects your resistance to hostile enchantments.
 b - a +0 orcish blowgun
 d - the +0,+2 war axe "Crucy" {flame, +Blink}
   (You found it on level 10 of the Dungeon)

   It emits flame when wielded, causing extra injury to most foes and up to
   double damage against particularly susceptible opponents.
   Big, fiery blades are also staple armaments of hydra-hunters.
   It lets you blink.
 t - a +1,+3 executioner's axe of electrocution
Missiles
 J - 7 poisoned tomahawks (quivered)
Armour
 s - a +1 cloak (worn)
 u - a +0 pair of boots (worn)
 O - the +0 plate armour of Uzapriz (worn) {Dex+4 Int-3}
   (You found it in a labyrinth)

   It affects your intelligence (-3).
   It affects your dexterity (+4).
 R - a +1 orcish helmet of intelligence (worn)
 T - the +0 pair of gloves of Mezcal (worn) {Int+4 Dam+5}
   (You found it in a labyrinth)

   It affects your intelligence (+4).
   It affects your damage with ranged weapons and melee attacks (+5).
Magical devices
 i - a wand of teleportation (2)
 j - a wand of teleportation (4)
 n - a wand of digging (9)
 o - a wand of magic darts (12)
 p - a wand of digging (12)
 B - a wand of cold (6)
 Y - a wand of disintegration (5)
Comestibles
 c - 3 bread rations
 l - 2 meat rations
Scrolls
 e - 5 scrolls of fear
 f - a scroll of enchant weapon II
 h - 4 scrolls of fog
 q - 6 scrolls of teleportation
 v - 3 scrolls of blinking
 C - 6 scrolls of remove curse
 E - a scroll of recharging
 W - 2 scrolls of magic mapping
Jewellery
 M - the ring "Zegganadu" (left hand) {rPois SInv}
   (You found it in a labyrinth)

   [ring of poison resistance]

   It enhances your eyesight.
 Q - a ring of protection from magic (right hand)
 S - an amulet of resist corrosion (around neck)
Potions
 g - 3 potions of curing
 k - 4 potions of might
 m - a potion of berserk rage {unknown}
 r - 3 potions of agility
 w - 3 potions of brilliance
 z - 2 potions of restore abilities
 D - 3 potions of speed
 G - 3 potions of heal wounds {unknown}
 N - 2 potions of magic
 U - a potion of invisibility
 Z - a potion of beneficial mutation {unknown}
Miscellaneous
 x - a lamp of fire (inert)
 y - a disc of storms


   Skills:
 * Level 13.6 Fighting
 - Level 19.0 Maces & Flails
 - Level 4.0 Throwing
 - Level 11.3 Armour
 - Level 1.5 Dodging
 + Level 7.4 Evocations


You had 13 spell levels left.
You didn't know any spells.

Dungeon Overview and Level Annotations

Branches:
Dungeon (11/16)            Temple (0/1) D:6             Orc (4/4) D:11
    Elf (0/3) Orc:4          Lair (8/8) D:10         Shoals (0/5) Lair:4
 Spider (0/5) Lair:3        Slime (0/6) Lair:7

Altars:
Cheibriados
Nemelex Xobeh
Okawaru
The Shining One
Beogh

Shops:
D:4 [   D:6 %   Orc:3 [   Orc:4 [*


Innate Abilities, Weirdness & Mutations

You are resistant to torment.
You are immune to poison.
You can fly continuously.
Your stone body is very resilient (AC +9).
Your wings are large and strong.
You resist negative energy.
You are resistant to electric shocks.
You can survive without breathing.
You are immune to petrification.


Message History

Something smites you!
* * * LOW HITPOINT WARNING * * *
The orc zombie hits you but does no damage.
Unknown command.
Drink which item? (? for menu, Esc to quit)
You feel better.
The red devil disappears in a puff of smoke!
The orc high priest barely misses you.
The orc priest hits you but does no damage.
Drink which item? (? for menu, Esc to quit)
You feel better.
The orc priest calls down the wrath of Beogh upon you.
Something smites you!
* * * LOW HITPOINT WARNING * * *
The orc zombie hits you but does no damage.
The sun demon hits you but does no damage.
The orc high priest hits you but does no damage.
The smoke demon gestures at you. Something smites you!
You die...

#.###.###.#######)% #.# #.#
#.#.._..#.. #
#.###.###)#.....#.. #.
#.........#.....#)) ..
#.###.###.###'###..
...###'###.# #.# #...[....))
..§§4.§o).o# #.# #.)8)..8..)
...###'##oo###§###..........
.. #4o@z§§............. #.
#§3#######.###.###[. # #.3#
#.# #.# #..
#..#######.###.###..
....................
.....................
#####################. #


You could see an orc high priest, a sun demon, a smoke demon, a rotting devil, 3
orc priests and an orc zombie.

Vanquished Creatures
  Maud (Lair:3)
  A minotaur (Lab)
  Harold (D:10)
  Josephine (Orc:4)
  4 hydras
  Erica (Lair:5)
  5 orc high priests (Orc:4)
  3 death yaks (Lair:6)
  A centaur warrior (D:11)
  An unseen horror (Lab)
  The ghost of Herrn the Fighter, an experienced DjFi of Okawaru (D:8)
  Pikel (D:4)
  3 hill giants
  3 wolf spiders
  5 griffons
  A manticore (Lair:4)
  8 black mambas
  A red wasp (Lair:8)
  A guardian serpent (Lair:8)
  Maurice (D:10)
  6 elephants
  An orc sorcerer (Orc:1)
  18 spiny frogs
  Grinder (D:5)
  10 komodo dragons
  2 wandering mushrooms (Lab)
  A fire drake (Lair:5)
  A hellwing (Orc:4)
  3 trolls
  A spriggan (D:7)
  7 blink frogs
  Prince Ribbit (D:7)
  A hydra skeleton (D:11)
  A centaur skeleton (D:11)
  A trapdoor spider zombie (D:11)
  4 two-headed ogres (D:9)
  A ynoxinul (Orc:4)
  3 fire elementals (Lair:8)
  4 basilisks
  An elephant slug (Lair:8)
  A hungry ghost (D:11)
  Eustachio (D:5)
  A wyvern (Lair:8)
  8 hippogriffs
  31 yaks
  3 wolves (Lair:3)
  A necrophage (D:10)
  9 porcupines
  2 sky beasts
  A phantom (D:10)
  5 ice beasts
  A slave (D:4)
  14 orc warriors
  A boring beetle (Lair:5)
  2 centaurs
  A black bear (Lair:5)
  5 yellow wasps
  8 wargs
  11 crocodiles
  A rotting devil (Orc:4)
  23 ogres
  Sigmund (D:3)
  6 giant slugs
  10 giant frogs
  A brain worm (Lair:7)
  A gnoll sergeant (D:6)
  Blork the orc (D:7)
  6 agate snails
  17 water moccasins
  An eye of draining (D:9)
  A yak zombie (D:10)
  4 killer bees (D:11)
  A yak skeleton (D:8)
  4 lava snakes (Lair:8)
  A quasit (D:9)
  9 crimson imps
  5 wights (D:11)
  6 hounds
  Dowan (D:7)
  A goliath beetle (D:8)
  13 spiders
  A giant frog skeleton (D:11)
  Crazy Yiuf (D:5)
  20 orc priests
  A two-headed ogre zombie (D:9)
  3 jellies
  14 worker ants
  A scorpion (D:8)
  19 orc wizards
  10 iguanas
  A mummy (D:9)
  A hound zombie (D:7)
  An ogre skeleton (D:8)
  A hound skeleton (D:4)
  2 orc zombies
  6 giant centipedes
  14 gnolls
  55 green rats
  3 orc skeletons
  4 giant mites
  16 adders
  A steam dragon skeleton (D:10)
  A goliath beetle zombie (D:8)
  An inept feature mimic (D:6)
  7 worms
  2 giant eyeballs (D:9)
  3 giant geckos
  An ooze (D:6)
  130 orcs
  22 bats
  A bat skeleton (D:6)
  A bat zombie (D:5)
  6 giant cockroaches
  18 hobgoblins
  22 jackals
  2 ball pythons
  A giant spore (D:11)
  16 goblins
  A hobgoblin zombie (Orc:4)
  17 kobolds
  10 quokkas
  24 rats
  A ballistomycete (D:11)
  A butterfly (Lair:1)
  5 fungi
800 creatures vanquished.

Vanquished Creatures (collateral kills)
  An orc high priest (Orc:4)
  Erolcha (D:9)
  2 two-headed ogres (D:9)
  A hungry ghost (D:7)
  2 ogres (D:9)
  Duvessa (D:7)
  5 orc priests
  A worker ant (D:7)
  3 orc wizards (D:7)
  2 ufetubi (Orc:4)
  13 orcs
  A giant cockroach (D:7)
33 creatures vanquished.

Vanquished Creatures (others)
  A troll (D:9)
1 creature vanquished.

Grand Total: 834 creatures vanquished

Notes
Turn   | Place    | Note
--------------------------------------------------------------
     0 | D:1      | Jenx, the Gargoyle Berserker, began the quest for the Orb.
     0 | D:1      | Reached XP level 1. HP: 14/14 MP: 1/1
   111 | D:1      | Reached XP level 2. HP: 14/19 MP: 2/2
   400 | D:1      | Reached skill level 4 in Maces & Flails
   583 | D:2      | Acquired Trog's second power
   717 | D:2      | Reached XP level 3. HP: 19/23 MP: 3/3
  1228 | D:3      | Noticed Sigmund
  1242 | D:3      | Killed Sigmund
  1242 | D:3      | Reached skill level 5 in Maces & Flails
  1242 | D:3      | Reached XP level 4. HP: 29/29 MP: 4/4
  1541 | D:3      | Reached XP level 5. HP: 34/34 MP: 5/5
  1756 | D:3      | Found a snail-covered altar of Cheibriados.
  1756 | D:3      | Found a glowing golden altar of the Shining One.
  1756 | D:3      | Found an iron altar of Okawaru.
  1970 | D:4      | Found a sparkling altar of Nemelex Xobeh.
  1971 | D:4      | Noticed an ogre
  1983 | D:4      | Killed an ogre
  1983 | D:4      | Reached skill level 6 in Maces & Flails
  1983 | D:4      | Reached XP level 6. HP: 20/40 MP: 6/6
  2031 | D:4      | Found Gheavy's Armour Emporium.
  2157 | D:4      | Reached skill level 5 in Fighting
  2168 | D:4      | Noticed a slave
  2196 | D:4      | Killed a slave
  2201 | D:4      | Noticed a slave
  2203 | D:4      | Noticed a slave
  2204 | D:4      | Noticed Pikel
  2218 | D:4      | Noticed a slave
  2224 | D:4      | Killed Pikel
  2224 | D:4      | Reached skill level 8 in Maces & Flails
  2224 | D:4      | Reached XP level 7. HP: 46/46 MP: 7/7
  2859 | D:5      | Entered Level 5 of the Dungeon
  2901 | D:5      | Reached XP level 8. HP: 37/52 MP: 5/8
  2950 | D:5      | Noticed Grinder
  2961 | D:5      | Killed Grinder
  2961 | D:5      | Reached skill level 9 in Maces & Flails
  3122 | D:5      | Noticed Eustachio
  3155 | D:5      | Killed Eustachio
  3379 | D:5      | Noticed Crazy Yiuf
  3388 | D:5      | Killed Crazy Yiuf
  3465 | D:6      | Reached skill level 10 in Maces & Flails
  3503 | D:6      | Acquired Trog's third power
  3547 | D:6      | Found Kluchic's Food Boutique.
  3566 | D:6      | Found a staircase to the Ecumenical Temple.
  3628 | D:6      | Reached XP level 9. HP: 56/58 MP: 9/9
  3799 | D:6      | Found a glowing drain.
  3809 | Sewer    | Entered a sewer
  3873 | Sewer    | Reached skill level 11 in Maces & Flails
  4399 | D:7      | Noticed Blork the orc
  4436 | D:7      | Noticed Prince Ribbit
  4463 | D:7      | Noticed Duvessa
  4463 | D:7      | Noticed Dowan
  4479 | D:7      | Killed Dowan
  4481 | D:7      | Killed Duvessa
  4586 | D:7      | Killed Prince Ribbit
  4586 | D:7      | Reached skill level 12 in Maces & Flails
  4670 | D:7      | Noticed a spriggan baker
  4676 | D:7      | Killed a spriggan baker
  4736 | D:7      | Killed Blork the orc
  4736 | D:7      | Reached XP level 10. HP: 58/66 MP: 10/10
  4842 | D:8      | Got an iridescent long sword
  5328 | D:8      | Noticed Herrn's ghost (experienced DjFi)
  5386 | D:8      | Killed Herrn's ghost
  5386 | D:8      | Reached skill level 13 in Maces & Flails
  5776 | D:9      | Reached skill level 10 in Fighting
  6042 | D:9      | Reached skill level 14 in Maces & Flails
  6074 | D:9      | Reached XP level 11. HP: 65/73 MP: 11/11
  6307 | D:9      | Noticed Erolcha
  6331 | D:9      | Killed Erolcha
  6331 | D:9      | Reached skill level 15 in Maces & Flails
  6606 | D:9      | Received a gift from Trog
  6608 | D:9      | Identified the +8,+0 long sword "Noqetr Soach" {venom, rF+ SInv} (You found it on level 8 of the Dungeon)
  6816 | D:10     | Entered Level 10 of the Dungeon
  6843 | D:10     | Found a staircase to the Lair.
  6860 | Lair:1   | Entered Level 1 of the Lair of Beasts
  7233 | Lair:1   | Reached skill level 5 in Armour
  8152 | Lair:2   | Received a gift from Trog
  8158 | Lair:2   | Reached XP level 12. HP: 68/80 MP: 12/12
  8162 | Lair:2   | Got a dazzling great mace {god gift}
  8163 | Lair:2   | Identified the +6,+9 great mace of the Vaults {antimagic, Int+3} (Trog gifted it to you on level 2 of the Lair of Beasts)
  8513 | Lair:2   | Reached skill level 10 in Armour
  8963 | Lair:3   | Reached skill level 1 in Evocations
  9182 | Lair:3   | Found a hole to the Spider Nest.
  9364 | Lair:3   | Received a gift from Trog
  9691 | Lair:3   | Noticed a five-headed hydra
  9701 | Lair:3   | Killed a five-headed hydra
  9747 | Lair:3   | Noticed Maud
  9756 | Lair:3   | Killed Maud
 10202 | Lair:4   | Found a staircase to the Shoals.
 10283 | Lair:4   | Reached skill level 16 in Maces & Flails
 10283 | Lair:4   | Reached skill level 5 in Evocations
 10283 | Lair:4   | Reached XP level 13. HP: 39/84 MP: 7/21
 10536 | Lair:4   | Found a labyrinth entrance.
 10550 | Lab      | Entered a labyrinth
 11031 | Lab      | Noticed a minotaur
 11037 | Lab      | Killed a minotaur
 11040 | Lab      | Got a transparent amber ring
 11045 | Lab      | Got a distressingly furry plate armour
 11045 | Lab      | Got a pair of faintly glowing gloves
 11069 | Lair:4   | Identified the cursed +0 plate armour of Uzapriz {Dex+4 Int-3} (You found it in a labyrinth)
 11075 | Lair:4   | Identified the cursed +0 pair of gloves of Mezcal {Int+4 Dam+5} (You found it in a labyrinth)
 11100 | Lair:4   | Identified the ring "Zegganadu" {rPois SInv} (You found it in a labyrinth)
 11406 | Lair:5   | Received a gift from Trog
 11511 | Lair:5   | Reached skill level 17 in Maces & Flails
 11596 | Lair:5   | Noticed Erica
 11609 | Lair:5   | Killed Erica
 12161 | Lair:6   | Reached skill level 1 in Throwing
 12723 | Lair:7   | Found a staircase to the Slime Pits.
 12950 | Lair:7   | Reached skill level 18 in Maces & Flails
 13103 | Lair:7   | Received a gift from Trog
 13109 | Lair:7   | Got a jewelled dire flail {god gift}
 13115 | Lair:7   | Identified the +1,+0 dire flail "Bickephu" {vamp, MR++ Dex+2} (Trog gifted it to you on level 7 of the Lair of Beasts)
 13626 | Lair:8   | Entered Level 8 of the Lair of Beasts
 13698 | Lair:8   | Gained mutation: Your wings are large and strong. [gargoyle growth]
 13698 | Lair:8   | Reached XP level 14. HP: 90/90 MP: 22/22
 14705 | Lair:8   | Reached skill level 19 in Maces & Flails
 14734 | Lair:8   | Got a crude flail
 14972 | Lair:8   | Received a gift from Trog
 15661 | D:10     | Got a smoking war axe
 15819 | D:10     | Noticed Harold
 15840 | D:10     | Killed Harold
 16021 | D:10     | Noticed a hill giant
 16033 | D:10     | Killed a hill giant
 16151 | D:10     | Noticed Maurice
 16185 | D:10     | Killed Maurice
 16404 | D:11     | Found a staircase to the Orcish Mines.
 17081 | Orc:1    | Entered Level 1 of the Orcish Mines
 17082 | Orc:1    | Upgraded the game from 0.14-a0-2592-g262d02f to 0.14-a0-2604-g6f603d6
 17231 | Orc:1    | Received a gift from Trog
 17232 | Orc:1    | Got an iridescent great mace {god gift}
 17251 | Orc:1    | Identified the +4,+4 flail of Neurosis {flame, rF+ Dex+3} (You found it on level 8 of the Lair of Beasts)
 17252 | Orc:1    | Identified the cursed +0,+2 war axe "Crucy" {flame, +Blink} (You found it on level 10 of the Dungeon)
 17254 | Orc:1    | Identified the -1,-1 great mace "Cliti" {speed, rC+} (Trog gifted it to you on level 1 of the Orcish Mines)
 17552 | Orc:1    | Found a roughly hewn altar of Beogh.
 17922 | Orc:2    | Found a roughly hewn altar of Beogh.
 18613 | Orc:3    | Received a gift from Trog
 18933 | Orc:3    | Found Plog's Antique Armour Emporium.
 19022 | Orc:4    | Entered Level 4 of the Orcish Mines
 19604 | Orc:4    | Found a staircase to the Elven Halls.
 19638 | Orc:4    | Received a gift from Trog
 19832 | Orc:4    | Found a roughly hewn altar of Beogh.
 19855 | Orc:4    | Found Plut's Armour Boutique.
 19938 | Orc:4    | Found Casaa's General Store.
 19999 | Orc:4    | Noticed Josephine
 20031 | Orc:4    | Killed Josephine
 20085 | Orc:4    | HP: 3/94 [orc priest/divine providence (16)]
 20085 | Orc:4    | Killed from afar by a smoke demon

Action                   |  1- 3 |  4- 6 |  7- 9 | 10-12 | 13-15 || total
-------------------------+-------+-------+-------+-------+-------++-------
Melee: Mace              |   100 |   108 |       |       |       ||   208
       Whip              |       |       |   353 |   282 |       ||   635
       Blowgun           |       |       |    25 |       |       ||    25
       Dire flail        |       |       |       |   324 |  1103 ||  1427
       Great mace        |       |       |       |   266 |   289 ||   555
 Fire: Blowgun           |       |       |     2 |       |       ||     2
Throw: Javelin           |       |       |       |     2 |     2 ||     4
       Tomahawk          |       |       |       |       |     2 ||     2
Invok: Trog's Hand       |     1 |     2 |     5 |     6 |    11 ||    25
       Berserk           |     1 |     1 |       |       |     3 ||     5
       Brothers in Arms  |       |       |     2 |     1 |     1 ||     4
       Burn Spellbooks   |       |       |       |     2 |     3 ||     5
 Abil: Fly               |       |       |       |       |     1 ||     1
Evoke: Wand              |       |     1 |     1 |     2 |     4 ||     8
       Lamp of fire      |       |       |       |       |     1 ||     1
       Disc of storms    |       |       |       |       |     1 ||     1
  Use: Potion            |     1 |       |       |       |     6 ||     7
       Scroll            |       |     2 |    20 |     9 |    12 ||    43
